 Dungeon Crawl Stone Soup version 0.20-a0-2-g2b0e13a (webtiles) character file.

404 varam the Covert (level 6, 18/28 HPs)
             Began as a Spriggan Enchanter on Oct 29, 2016.
             Quit the game on level 4 of the Dungeon.
             The game lasted 00:15:43 (4941 turns).

varam the Covert (Spriggan Enchanter)               Turns: 4941, Time: 00:15:44

Health: 18/28      AC:  3    Str:  5    XL:     6   Next: 56%
Magic:  1/11       EV: 19    Int: 17    God:
Gold:   162        SH:  0    Dex: 17    Spells: 3 memorised, 4 levels left

rFire  . . .     SeeInvis +     b - +1 dagger
rCold  . . .     Gourm    .     a - +1 robe
rNeg   . . .     Faith    .     (shield restricted)
rPois  .         Spirit   .     (helmet restricted)
rElec  .         Reflect  .     (no cloak)
rCorr  .         Harm     .     (gloves unavailable)
MR     +....                    (boots unavailable)
Stlth  ++++......               (no amulet)
                                (no ring)
                                (no ring)

@: very quick
A: unfitting armour, see invisible, herbivore 3, speed 3, slow metabolism 2
a: no special abilities


You were on level 4 of the Dungeon.
You were very hungry.

You visited 1 branch of the dungeon, and saw 4 of its levels.

You collected 162 gold pieces.

Inventory:

Hand Weapons
 b - a +1 dagger (weapon)
 y - a +0 dagger of holy wrath
Missiles
 i - 22 poisoned needles
Armour
 a - a +1 robe (worn)
Jewellery
 w - an uncursed ring of wizardry {unknown}
Wands
 u - a wand of digging (19/24)
Scrolls
 e - 5 scrolls of remove curse
 h - a scroll of magic mapping {unknown}
 j - 2 scrolls of teleportation {unknown}
 k - a scroll of fog {unknown}
 o - 3 scrolls of noise {unknown}
 t - 2 scrolls of enchant weapon {unknown}
 v - a scroll of recharging {unknown}
 x - a scroll of immolation {unknown}
Potions
 f - 2 potions of degeneration {unknown}
 g - a potion of might {unknown}
 m - 2 potions of curing {unknown}
 n - a potion of berserk rage {unknown}
 p - 2 potions of cure mutation {unknown}
 q - a potion of brilliance {unknown}
 r - a potion of heal wounds {unknown}
 s - a potion of lignification {unknown}
Books
 c - a book of Maledictions

   Spells                             Type                      Level
   a - Corona                         Hexes                        1
   b - Ensorcelled Hibernation        Hexes/Ice                    2
   c - Confuse                        Hexes                        3
   d - Tukima's Dance                 Hexes                        3
   e - Dazzling Spray                 Conjuration/Hexes            3
Comestibles
 d - 4 bread rations
 l - a fruit


   Skills:
 + Level 5.0 Short Blades
 - Level 3.6 Dodging
 + Level 8.3 Stealth
 - Level 2.9 Spellcasting
 - Level 4.0 Hexes


You had 4 spell levels left.
You knew the following spells:

 Your Spells              Type           Power        Failure   Level  Hunger
a - Ensorcelled Hibernat  Hex/Ice        #.....       14%         2    ##.....
b - Corona                Hex            ###....      3%          1    None
c - Confuse               Hex            ###.....     12%         3    ###....


Dungeon Overview and Level Annotations

Branches:
Dungeon (4/15)
 Temple: D:4-7

Altars:
Elyvilon
Fedhas
Qazlal


Innate Abilities, Weirdness & Mutations

You are very small and have problems with some larger weapons.
You are too small for most types of armour.
You have supernaturally acute eyesight. (SInv)
You are a herbivore.
You cover ground extremely quickly.
You need consume almost no food.


Message History

Confirm with . or Enter, or press ? or * to list all spells.
You don't have enough magic to cast that spell.
You barely miss the jackal.
The jackal is severely wounded.
The jackal bites you but does no damage.
You hit the jackal.
You kill the jackal!
Things that are here:
a jackal corpse; a hound corpse
Casting: Confuse
Confirm with . or Enter, or press ? or * to list all spells.
Aiming: Ensorcelled Hibernation
Press: ? - help, Shift-Dir - straight line, f - scorpion
Aim: a scorpion (chance to defeat MR: 40%)
The scorpion resists with some effort.
The scorpion stings you!
You see here a leather armour.
Casting: Ensorcelled Hibernation
Confirm with . or Enter, or press ? or * to list all spells.
You don't have enough magic to cast that spell.
Are you sure you want to abandon this character and quit the game? (Confirm with "yes".)

#....s......#......#...
#....[......#..#####...
#....########..#......#
#..[)# #...#......#
#....# #...+......#
#....# ##'##......#
#...s#######..........#
#####..............%...
#.@................
#..................
#####..................
#....##+#########'#####
#....+...#........#
#....#...#........#
#....#...#........#
#....#'####+####..#
#####.....#...##..##+##


You could see a scorpion.

Vanquished Creatures
  Sigmund (D:2)
  A hound (D:4)
  An orc wizard (D:4)
  A worker ant (D:4)
  8 adders
  2 worms
  3 dart slugs
  4 leopard geckos
  5 orcs
  2 bats
  4 giant cockroaches
  10 goblins
  11 hobgoblins
  4 jackals
  A quokka (D:2)
  A ball python (D:1)
  5 frilled lizards
  12 kobolds
  10 rats
86 creatures vanquished.

Vanquished Creatures (others)
  A fungus (D:2)
1 creature vanquished.

Grand Total: 87 creatures vanquished

Notes
Turn   | Place    | Note
-------+----------+-------------------------------------------
     0 | D:1      | varam the Spriggan Enchanter began the quest for the Orb.
     0 | D:1      | Reached XP level 1. HP: 9/9 MP: 5/5
   585 | D:1      | Reached XP level 2. HP: 12/13 MP: 6/6
   983 | D:1      | HP: 1/13 [hobgoblin/club (3)]
  1501 | D:1      | Reached skill level 4 in Hexes
  1546 | D:2      | Noticed Sigmund
  1566 | D:1      | Learned a level 2 spell: Ensorcelled Hibernation
  1867 | D:2      | Reached skill level 5 in Stealth
  1871 | D:2      | Reached XP level 3. HP: 16/16 MP: 1/8
  1937 | D:1      | Reached skill level 2 in Short Blades
  2288 | D:1      | Learned a level 3 spell: Confuse
  2576 | D:2      | Killed Sigmund
  2576 | D:2      | Reached skill level 4 in Short Blades
  2576 | D:2      | Reached skill level 7 in Stealth
  2576 | D:2      | Reached XP level 4. HP: 21/21 MP: 1/9
  2576 | D:2      | Reached XP level 5. HP: 24/24 MP: 1/10
  2773 | D:2      | Found a stormy altar of Qazlal.
  2778 | D:2      | Found a blossoming altar of Fedhas.
  3524 | D:3      | Reached XP level 6. HP: 27/28 MP: 7/11
  4824 | D:4      | Reached skill level 8 in Stealth
  4844 | D:4      | Found a white marble altar of Elyvilon.
  4916 | D:4      | Reached skill level 5 in Short Blades
  4941 | D:4      | Quit the game

Vault maps used:
D:1:      minmay_arrival_three_doors
D:2:      grunt_temple_overflow_forces_of_nature, first_bread, uniq_sigmund
D:4:      kennysheep_kobold_camp, led_xom_imps, lemuel_round_altar,
          hangedman_feature_mirror

Skill      XL: |  1  2  3  4  5  6 |
---------------+-------------------+-----
Hexes          | 4 |  4.0
Stealth        | 5 7 8 |  8.3
Short Blades   | 4 5 |  5.0
Dodging        | |  3.6
Spellcasting   | |  2.9

Action                   |  1- 3 |  4- 6 || total
-------------------------+-------+-------++-------
Melee: Dagger            |   105 |   158 ||   263
 Cast: Corona            |    22 |       ||    22
       Ensorcelled Hiber |    13 |    38 ||    51
       Confuse           |     3 |    15 ||    18
  Use: Scroll            |       |     1 ||     1
 Stab: Sleeping          |    10 |    36 ||    46
       Confused          |     2 |     9 ||    11
       Distracted        |       |     1 ||     1
  Eat: Bread ration      |     1 |       ||     1
Armor: Robe              |     8 |    17 ||    25
Dodge: Dodged            |    76 |   152 ||   228
